TOP OF THE 1ST |
Jackson HS Swamp Bats batting - Pitching for Oceanside HS Pirates : RHP Neal Harris
|
Pitching: RHP Neal Harris
|
|
Batting: LHB Chris French
|
0-0: Ball 1-0: Ball 2-0: Ball 3-0: Base on Balls
|
Batting: LHB Kyle Russell
|
0-0: Ball Chris French is caught stealing 2nd base 1-0: Ball 2-0: Called Strike 2-1: Foul Ball, location: 2F 2-2: Foul Ball, location: 2F 2-2: Ball 3-2: Foul Ball, location: 2F 3-2: SINGLE (Line Drive, 8LS)
|
Batting: RHB Rob Mitchell
|
0-0: Fly out, F6 (Popup, 6MS)
|
Batting: RHB Gabriel Vargas
|
0-0: Called Strike 0-1: Ball 1-1: Ball 2-1: Fly out, F7 (Flyball, 78D)
|
Top of the 1st over - 0 runs, 1 hit, 0 errors, 1 left on base; Jackson HS 0 - Oceanside HS 0 |
BOTTOM OF THE 1ST |
Oceanside HS Pirates batting - Pitching for Jackson HS Swamp Bats : RHP Paul McCarthy
|
Pitching: RHP Paul McCarthy
|
|
Batting: RHB Charles Collins
|
0-0: Swinging Strike 0-1: Foul Ball, location: 2F 0-2: Strikes out swinging
|
Batting: RHB Vincent Lowe
|
0-0: Ball 1-0: Ground out 6-3 (Groundball, 6)
|
Batting: LHB Dylan Savill
|
0-0: Ball 1-0: SINGLE (Flyball, 89S)
|
Batting: RHB Tom Hanson
|
0-0: Called Strike 0-1: Ball 1-1: Ball 2-1: Ground out 1-3 (Groundball, 13S)
|
Bottom of the 1st over - 0 runs, 1 hit, 0 errors, 1 left on base; Jackson HS 0 - Oceanside HS 0 |
TOP OF THE 2ND |
Jackson HS Swamp Bats batting - Pitching for Oceanside HS Pirates : RHP Neal Harris
|
Batting: LHB Wally Thomas
|
0-0: SINGLE (Flyball, 78S)
|
Batting: RHB Domingo Rosário
|
0-0: Called Strike 0-1: Called Strike 0-2: DOUBLE (Flyball, 78XD) Wally Thomas to third
|
Batting: RHB Jeremy Gibbs
|
0-0: Fly out, F3 (Popup, 3F)
|
Batting: RHB Jonathan Smith
|
0-0: SINGLE (Flyball, 89S) Wally Thomas scores Domingo Rosário to third
|
Batting: LHB Harry McAndrew
|
0-0: Ball Jonathan Smith steals 2nd base 1-0: Called Strike 1-1: Ball 2-1: Foul Ball, location: 2F 2-2: Ball 3-2: SINGLE (Groundball, 5D) Domingo Rosário scores Jonathan Smith to third Runner from 3rd tries for Home, SAFE, no throw
|
Batting: LHB Chris French
|
0-0: Called Strike 0-1: Ball 1-1: Swinging Strike 1-2: Foul Ball, location: 2F 1-2: Ball 2-2: Foul Ball, location: 2F 2-2: Strikes out swinging
|
Batting: LHB Kyle Russell
|
0-0: Foul Ball, location: 2F 0-1: Swinging Strike 0-2: Ball 1-2: Strikes out swinging
|
Top of the 2nd over - 3 runs, 4 hits, 0 errors, 1 left on base; Jackson HS 3 - Oceanside HS 0 |
BOTTOM OF THE 2ND |
Oceanside HS Pirates batting - Pitching for Jackson HS Swamp Bats : RHP Paul McCarthy
|
Batting: RHB Shawn Mendoza
|
0-0: Called Strike 0-1: Ball 1-1: Foul Ball, location: 2F 1-2: Foul Ball, location: 2F 1-2: Fly out, F8 (Flyball, 8RD)
|
Batting: LHB Winston Smith
|
0-0: Ball 1-0: Ball 2-0: Foul Ball, location: 2F 2-1: Ball 3-1: Swinging Strike 3-2: Base on Balls
|
Batting: RHB Sergio Arboledo
|
0-0: Ball 1-0: Foul Ball, location: 2F 1-1: Ball 2-1: Called Strike 2-2: Ball 3-2: Grounds into double play, 6-4-3 (Groundball, 6)
|
Bottom of the 2nd over - 0 runs, 0 hits, 0 errors, 0 left on base; Jackson HS 3 - Oceanside HS 0 |
TOP OF THE 3RD |
Jackson HS Swamp Bats batting - Pitching for Oceanside HS Pirates : RHP Neal Harris
|
Batting: RHB Rob Mitchell
|
0-0: Foul Ball, location: 2F 0-1: Swinging Strike 0-2: Ball 1-2: Fly out, F5 (Line Drive, 56)
|
Batting: RHB Gabriel Vargas
|
0-0: Called Strike 0-1: Ball 1-1: SINGLE (Flyball, 9S)
|
Batting: LHB Wally Thomas
|
0-0: Ball 1-0: Called Strike 1-1: Ball 2-1: SINGLE (Groundball, 34) (infield hit) Gabriel Vargas to second
|
Batting: RHB Domingo Rosário
|
0-0: Ball 1-0: Called Strike 1-1: Foul Ball, location: 2F 1-2: Ball 2-2: 3-RUN HOME RUN (Flyball, 78D), Distance : 435 ft
|
Batting: RHB Jeremy Gibbs
|
0-0: Ball 1-0: Ground out 6-3 (Groundball, 6)
|
Batting: RHB Jonathan Smith
|
0-0: Called Strike 0-1: Called Strike 0-2: Fly out, F7 (Flyball, 7S)
|
Top of the 3rd over - 3 runs, 3 hits, 0 errors, 0 left on base; Jackson HS 6 - Oceanside HS 0 |
BOTTOM OF THE 3RD |
Oceanside HS Pirates batting - Pitching for Jackson HS Swamp Bats : RHP Paul McCarthy
|
Batting: RHB Ben Williams
|
0-0: SINGLE (Groundball, 56D)
|
Batting: LHB Will Burke
|
0-0: Called Strike 0-1: Ball 1-1: Called Strike 1-2: Strikes out swinging
|
Batting: RHB Charles Collins
|
0-0: Ball 1-0: Foul Ball, location: 2F 1-1: Swinging Strike 1-2: Foul Ball, location: 2F 1-2: Fielders Choice at 2nd, 6-4 (Groundball, 6)
|
Batting: RHB Vincent Lowe
|
0-0: Called Strike 0-1: Ball Charles Collins steals 2nd base 1-1: Foul Ball, location: 2F 1-2: Strikes out looking
|
Bottom of the 3rd over - 0 runs, 1 hit, 0 errors, 1 left on base; Jackson HS 6 - Oceanside HS 0 |
TOP OF THE 4TH |
Jackson HS Swamp Bats batting - Pitching for Oceanside HS Pirates : RHP Neal Harris
|
Batting: LHB Harry McAndrew
|
0-0: Ball 1-0: Foul Ball, location: 2F 1-1: Foul Ball, location: 2F 1-2: Ball 2-2: Strikes out swinging
|
Batting: LHB Chris French
|
0-0: Ball 1-0: Ball 2-0: Ball 3-0: Base on Balls
|
Batting: LHB Kyle Russell
|
0-0: Ball 1-0: Swinging Strike 1-1: Swinging Strike 1-2: Ball 2-2: SINGLE (Line Drive, 8LS) Chris French to second
|
Batting: RHB Rob Mitchell
|
0-0: Grounds into double play, 4-6-3 (Groundball, 4)
|
Top of the 4th over - 0 runs, 1 hit, 0 errors, 1 left on base; Jackson HS 6 - Oceanside HS 0 |
BOTTOM OF THE 4TH |
Oceanside HS Pirates batting - Pitching for Jackson HS Swamp Bats : RHP Paul McCarthy
|
Batting: LHB Dylan Savill
|
0-0: Ball 1-0: Called Strike 1-1: Swinging Strike 1-2: Strikes out swinging
|
Batting: RHB Tom Hanson
|
0-0: Ball 1-0: Ball 2-0: Called Strike 2-1: Ball 3-1: Base on Balls
|
Batting: RHB Shawn Mendoza
|
0-0: Called Strike 0-1: Ball 1-1: Foul Ball, location: 2F 1-2: Foul Ball, location: 2F 1-2: Foul Ball, location: 2F 1-2: Ground out U3 (Groundball, 34) Tom Hanson to second
|
Batting: LHB Winston Smith
|
0-0: Called Strike 0-1: Ball 1-1: Foul Ball, location: 2F 1-2: Foul Ball, location: 2F 1-2: Ball 2-2: Ball 3-2: SINGLE (Groundball, 56D) Tom Hanson to third Tom Hanson scores
|
Batting: RHB Sergio Arboledo
|
0-0: Foul Ball, location: 2F 0-1: Called Strike 0-2: Ball 1-2: Foul Ball, location: 2F 1-2: Foul Ball, location: 2F 1-2: Ball 2-2: Foul Ball, location: 2F 2-2: SINGLE (Groundball, 4MD) Winston Smith to second Runner from 2nd tries for 3rd, OUT!
|
Bottom of the 4th over - 1 run, 2 hits, 0 errors, 1 left on base; Jackson HS 6 - Oceanside HS 1 |
TOP OF THE 5TH |
Jackson HS Swamp Bats batting - Pitching for Oceanside HS Pirates : RHP Neal Harris
|
Batting: RHB Gabriel Vargas
|
0-0: Ball 1-0: SINGLE (Groundball, 34S) (infield hit)
|
Pitching: LHP Bobby Young
|
|
Batting: LHB Wally Thomas
|
0-0: Ball 1-0: Called Strike 1-1: Ball 2-1: Ball 3-1: Called Strike 3-2: Base on Balls Gabriel Vargas to second
|
Batting: RHB Domingo Rosário
|
0-0: Foul Ball, location: 2F 0-1: SINGLE (Flyball, 89S) Gabriel Vargas to third Wally Thomas to second
|
Batting: RHB Jeremy Gibbs
|
0-0: Ball 1-0: SINGLE (Groundball, 5L) (infield hit) Gabriel Vargas scores Wally Thomas to third Domingo Rosário to second
|
Batting: RHB Jonathan Smith
|
0-0: Swinging Strike 0-1: Called Strike 0-2: Strikes out swinging
|
Batting: LHB Harry McAndrew
|
0-0: Called Strike 0-1: Ball 1-1: GRAND SLAM HOME RUN (Flyball, 7LD), Distance : 366 ft
|
Batting: LHB Chris French
|
0-0: Foul Ball, location: 2F 0-1: Ball 1-1: Ball 2-1: SOLO HOME RUN (Line Drive, 9LD), Distance : 377 ft
|
Batting: LHB Kyle Russell
|
0-0: Called Strike 0-1: Fly out, F9 (Flyball, 9S)
|
Batting: RHB Rob Mitchell
|
0-0: Ball 1-0: Ball 2-0: SOLO HOME RUN (Flyball, 7LD), Distance : 353 ft
|
Batting: RHB Gabriel Vargas
|
0-0: SOLO HOME RUN (Flyball, 7D), Distance : 399 ft
|
Batting: LHB Wally Thomas
|
0-0: Called Strike 0-1: Fly out, F5 (Popup, 56S)
|
Top of the 5th over - 8 runs, 7 hits, 0 errors, 0 left on base; Jackson HS 14 - Oceanside HS 1 |
BOTTOM OF THE 5TH |
Oceanside HS Pirates batting - Pitching for Jackson HS Swamp Bats : RHP Paul McCarthy
|
Batting: RHB Ben Williams
|
0-0: Ball 1-0: Fly out, F7 (Flyball, 7)
|
Batting: LHB Will Burke
|
0-0: Fly out, F8 (Line Drive, 8LS)
|
Batting: RHB Charles Collins
|
0-0: Ball 1-0: Ball 2-0: Fly out, F9 (Flyball, 89S)
|
Bottom of the 5th over - 0 runs, 0 hits, 0 errors, 0 left on base; Jackson HS 14 - Oceanside HS 1 |
TOP OF THE 6TH |
Jackson HS Swamp Bats batting - Pitching for Oceanside HS Pirates : LHP Bobby Young
|
Batting: RHB Domingo Rosário
|
0-0: Swinging Strike 0-1: Swinging Strike 0-2: Strikes out swinging
|
Batting: RHB Jeremy Gibbs
|
0-0: Swinging Strike 0-1: Ball 1-1: Fly out, F4 (Popup, 34D)
|
Batting: RHB Jonathan Smith
|
0-0: Called Strike 0-1: Ball 1-1: Ball 2-1: Fly out, F5 (Popup, 56S)
|
Top of the 6th over - 0 runs, 0 hits, 0 errors, 0 left on base; Jackson HS 14 - Oceanside HS 1 |
BOTTOM OF THE 6TH |
Oceanside HS Pirates batting - Pitching for Jackson HS Swamp Bats : RHP Paul McCarthy
|
Batting: RHB Vincent Lowe
|
0-0: Swinging Strike 0-1: Swinging Strike 0-2: Ball 1-2: Strikes out swinging
|
Pitching: RHP Don Doss
|
|
Batting: LHB Dylan Savill
|
0-0: Ball 1-0: Fly out, F7 (Flyball, 7S)
|
Batting: RHB Tom Hanson
|
0-0: Swinging Strike 0-1: Ball 1-1: Ball 2-1: Ball 3-1: Fly out, F8 (Flyball, 8RM)
|
Bottom of the 6th over - 0 runs, 0 hits, 0 errors, 0 left on base; Jackson HS 14 - Oceanside HS 1 |
TOP OF THE 7TH |
Jackson HS Swamp Bats batting - Pitching for Oceanside HS Pirates : LHP Bobby Young
|
Batting: LHB Harry McAndrew
|
0-0: Called Strike 0-1: Ball 1-1: Called Strike 1-2: Strikes out looking
|
Batting: LHB Chris French
|
0-0: Ball 1-0: Ball 2-0: Swinging Strike 2-1: Ball 3-1: Foul Ball, location: 2F 3-2: Foul Ball, location: 2F 3-2: SINGLE (Groundball, 6S) (infield hit)
|
Batting: LHB Kyle Russell
|
0-0: Called Strike 0-1: Swinging Strike 0-2: Foul Ball, location: 2F 0-2: Strikes out swinging
|
Batting: RHB Rob Mitchell
|
0-0: Ball 1-0: Foul Ball, location: 2F 1-1: Ball 2-1: Foul Ball, location: 2F 2-2: Strikes out looking
|
Top of the 7th over - 0 runs, 1 hit, 0 errors, 1 left on base; Jackson HS 14 - Oceanside HS 1 |
BOTTOM OF THE 7TH |
Oceanside HS Pirates batting - Pitching for Jackson HS Swamp Bats : RHP Don Doss
|
Batting: RHB Shawn Mendoza
|
0-0: Ball 1-0: Ball 2-0: Fly out, F3 (Popup, 3S)
|
Batting: LHB Winston Smith
|
0-0: Ball 1-0: Swinging Strike 1-1: Called Strike 1-2: Ball 2-2: Ball 3-2: Fly out, F7 (Line Drive, 7LS)
|
Batting: RHB Sergio Arboledo
|
0-0: Foul Ball, location: 2F 0-1: Swinging Strike 0-2: Foul Ball, location: 2F 0-2: Ball 1-2: Strikes out swinging
|
Bottom of the 7th over - 0 runs, 0 hits, 0 errors, 0 left on base; Jackson HS 14 - Oceanside HS 1 |
TOP OF THE 8TH |
Jackson HS Swamp Bats batting - Pitching for Oceanside HS Pirates : LHP Bobby Young
|
Batting: RHB Gabriel Vargas
|
0-0: Foul Ball, location: 2F 0-1: SINGLE (Flyball, 7S)
|
Pitching: RHP Abraham Hayes
|
|
Batting: LHB Wally Thomas
|
0-0: Called Strike 0-1: Ball 1-1: Swinging Strike 1-2: Strikes out looking
|
Batting: RHB Domingo Rosário
|
0-0: Ball 1-0: Called Strike 1-1: Fly out, F8 (Flyball, 8LD)
|
Batting: RHB Jeremy Gibbs
|
0-0: Called Strike 0-1: Ball 1-1: Foul Ball, location: 2F 1-2: Foul Ball, location: 2F 1-2: Ball 2-2: Foul Ball, location: 2F 2-2: Ball 3-2: Foul Ball, location: 2F 3-2: Strikes out swinging
|
Top of the 8th over - 0 runs, 1 hit, 0 errors, 1 left on base; Jackson HS 14 - Oceanside HS 1 |
BOTTOM OF THE 8TH |
Oceanside HS Pirates batting - Pitching for Jackson HS Swamp Bats : RHP Don Doss
|
Now at C: William Martínez
|
|
Batting: RHB Ben Williams
|
0-0: Fly out, F8 (Flyball, 89S)
|
Batting: LHB Will Burke
|
0-0: Fly out, F4 (Popup, 4S)
|
Batting: RHB Charles Collins
|
0-0: Ball 1-0: Ball 2-0: Ball 3-0: Called Strike 3-1: Called Strike 3-2: Foul Ball, location: 2F 3-2: Reached on error, E3 (Groundball, 3S)
|
Batting: RHB Vincent Lowe
|
0-0: Ball 1-0: Swinging Strike 1-1: SINGLE (Flyball, 7LS) Charles Collins to third Runner from 3rd tries for Home, SAFE, no throw
|
Batting: LHB Dylan Savill
|
0-0: Called Strike 0-1: Ball 1-1: Ball 2-1: Foul Ball, location: 2F 2-2: Foul Ball, location: 2F 2-2: Foul Ball, location: 2F 2-2: Foul Ball, location: 2F 2-2: Foul Ball, location: 2F 2-2: Foul Ball, location: 2F 2-2: Foul Ball, location: 2F 2-2: Foul Ball, location: 2F 2-2: Ball 3-2: Foul Ball, location: 2F 3-2: Foul Ball, location: 2F 3-2: Foul Ball, location: 2F 3-2: Ground out 4-3 (Groundball, 4)
|
Bottom of the 8th over - 1 run, 1 hit, 1 error, 1 left on base; Jackson HS 14 - Oceanside HS 2 |
TOP OF THE 9TH |
Jackson HS Swamp Bats batting - Pitching for Oceanside HS Pirates : RHP Abraham Hayes
|
Batting: RHB Jonathan Smith
|
0-0: SOLO HOME RUN (Flyball, 7D), Distance : 410 ft
|
Batting: LHB Harry McAndrew
|
0-0: Foul Ball, location: 2F 0-1: Foul Ball, location: 2F 0-2: Strikes out looking
|
Batting: LHB Chris French
|
0-0: Ball 1-0: Swinging Strike 1-1: Ball 2-1: Called Strike 2-2: Strikes out swinging
|
Batting: LHB Kyle Russell
|
0-0: Ball 1-0: Ball 2-0: Ball 3-0: Base on Balls
|
Batting: RHB Rob Mitchell
|
0-0: Ball Kyle Russell steals 2nd base 1-0: Swinging Strike 1-1: Ball 2-1: Swinging Strike 2-2: Ball 3-2: Hit by Pitch
|
Pinch Hitting: RHB Albert Buck
|
0-0: Ball 1-0: Ball 2-0: Ball 3-0: Called Strike 3-1: Foul Ball, location: 2F 3-2: Strikes out swinging
|
Top of the 9th over - 1 run, 1 hit, 0 errors, 2 left on base; Jackson HS 15 - Oceanside HS 2 |
BOTTOM OF THE 9TH |
Oceanside HS Pirates batting - Pitching for Jackson HS Swamp Bats : RHP Don Doss
|
Now in RF: Albert Buck
|
|
Batting: RHB Tom Hanson
|
0-0: Ball 1-0: Foul Ball, location: 2F 1-1: Hit by Pitch
|
Pitching: RHP Tony Robertson
|
|
Batting: RHB Shawn Mendoza
|
0-0: Fly out, F8 (Flyball, 8RM)
|
Batting: LHB Winston Smith
|
0-0: Ball 1-0: Foul Ball, location: 2F 1-1: Foul Ball, location: 2F 1-2: Fielders Choice at 2nd, 3-6 (Groundball, 34)
|
Pitching: RHP Jim Reeves
|
|
Batting: RHB Sergio Arboledo
|
0-0: Swinging Strike 0-1: SINGLE (Flyball, 9S) Winston Smith to second
|
Batting: RHB Ben Williams
|
0-0: Swinging Strike 0-1: Ball 1-1: Ball 2-1: Ball 3-1: Called Strike 3-2: Base on Balls Winston Smith to third Sergio Arboledo to second
|
Batting: LHB Will Burke
|
0-0: Ball 1-0: Called Strike 1-1: Foul Ball, location: 2F 1-2: Ball 2-2: Ball 3-2: Base on Balls Winston Smith scores Sergio Arboledo to third Ben Williams to second
|
Batting: RHB Charles Collins
|
0-0: Swinging Strike 0-1: Swinging Strike 0-2: Strikes out swinging
|
Bottom of the 9th over - 1 run, 1 hit, 0 errors, 3 left on base; Jackson HS 15 - Oceanside HS 3 |
|